 Dungeon Crawl Stone Soup version 0.26.1-11-gd32895ea62 (webtiles) character file.

Game seed: 15609060999655973580

18837 bobarctor the Eclecticist (level 12, 0/64 HPs)
             Began as a Deep Elf Necromancer on June 24, 2021.
             Was an Elder of Sif Muna.
             Slain by a seven-headed hydra (11 damage)
             ... on level 3 of the Lair of Beasts.
             The game lasted 02:12:04 (22866 turns).

bobarctor the Eclecticist (Deep Elf Necromancer)   Turns: 22866, Time: 02:12:05

Health: 0/64       AC:  7    Str: 11    XL:     12   Next: 31%
Magic:  20/35      EV: 15    Int: 28    God:    Sif Muna [****..]
Gold:   1126       SH:  0    Dex: 19    Spells: 5/45 levels left

rFire    + + .     SeeInvis .   c - +5 quarterstaff of the Imperium {vorpal, rPois}
rCold    + . .     Faith    +   (shield currently unavailable)
rNeg     . . .     Spirit   .   W - +0 robe of Gasteg {rC+ Str+4} (curse)
rPois    +         Reflect  .   (helmet restricted)
rElec    .         Harm     .   f - scarf {shadows}
rCorr    .         Rampage  .   G - +2 pair of gloves {archery}
Will     +....                  l - +1 pair of boots
Stlth    +++.......             E - amulet "Ytiazak" {Faith rF+ Str+2 Dex+4}
HPRegen  0.00/turn              Q - +4 ring of slaying
MPRegen  0.24/turn              o - ring of protection from fire

@: very slightly contaminated
A: horns 1, clever 1, inhibited regeneration, MP-powered wands
a: Renounce Religion, Channel Magic, Forget Spell, Divine Exegesis


You were on level 3 of the Lair of Beasts.
You worshipped Sif Muna.
Sif Muna was greatly pleased with you.
You visited 3 branches of the dungeon, and saw 15 of its levels.
You also visited: Ossuary.

You collected 1336 gold pieces.
You spent 210 gold pieces at shops.

Inventory:

Hand Weapons
 c - the +5 quarterstaff of the Imperium (weapon) {vorpal, rPois}
   (You found it on level 10 of the Dungeon)

   It inflicts extra damage upon your enemies.
   It protects you from poison.
 t - a +2 mace of protection
 C - the +5 trident of Temperance {speed, rF+ rC- Dex+3}
   (You found it on level 5 of the Dungeon)

   Attacks with this weapon are significantly faster.
   It affects your dexterity (+3).
   It protects you from fire.
   It makes you vulnerable to cold.
 D - a +0 hand crossbow
 H - a +0 shortbow of venom
Missiles
 i - 135 bolts
 k - 430 stones
 q - 338 arrows
 M - 43 poisoned darts (quivered)
Armour
 f - a scarf of shadows (worn)
 l - a +1 pair of boots (worn)
 u - a +0 helmet of intelligence
 G - a +2 pair of gloves of archery (worn)
 K - a +2 cloak
 O - a +1 robe of fire resistance
 W - the cursed +0 robe of Gasteg (worn) {rC+ Str+4}
   (You found it on level 1 of the Lair of Beasts)

   It affects your strength (+4).
   It protects you from cold.
   It has a curse placed upon it.
Jewellery
 o - a ring of protection from fire (right hand)
 v - an uncursed ring of fire
 z - an uncursed ring of teleportation
 A - an uncursed amulet of reflection {unknown}
 E - the amulet "Ytiazak" (around neck) {Faith rF+ Str+2 Dex+4}
   (You acquired it on level 6 of the Dungeon)

   [amulet of faith]

   It allows you to gain divine favour quickly.
   It affects your strength (+2).
   It affects your dexterity (+4).
   It protects you from fire.
 P - an uncursed ring of flight
 Q - a +4 ring of slaying (left hand)
 T - an uncursed amulet of guardian spirit {unknown}
Wands
 a - a wand of flame (27)
 p - a wand of paralysis (9)
 X - a wand of enslavement (12)
Scrolls
 d - 4 scrolls of teleportation
 h - 3 scrolls of fear
 m - 9 scrolls of remove curse
 w - 2 scrolls of magic mapping
 B - 3 scrolls of enchant weapon
 S - a scroll of enchant armour
Potions
 b - 2 potions of magic
 e - 2 potions of heal wounds
 g - 2 potions of might
 j - a potion of haste
 r - 5 potions of curing
 s - 3 potions of berserk rage
 x - a potion of ambrosia
 U - a potion of resistance {unknown}
 V - a potion of cancellation {unknown}
 Y - 2 potions of flight {unknown}
Miscellaneous
 n - a lightning rod (4/4)


   Skills:
 + Level 3.0 Fighting
 - Level 1.3 Maces & Flails
 * Level 5.1 Bows
 - Level 0.4 Throwing
 + Level 4.8 Dodging
 + Level 5.6 Stealth
 * Level 17.0 Spellcasting
 * Level 4.0 Conjurations
 + Level 11.7 Necromancy
 + Level 0.4 Translocations
 + Level 0.8 Fire Magic
 * Level 3.3 Air Magic
 + Level 1.5 Poison Magic
 * Level 7.5 Invocations


You had 5 spell levels left.
You knew the following spells:

 Your Spells              Type           Power        Failure   Level
a - Pain                  Necr           100%         0%          1
b - Inner Flame           Hex/Fire       13%          4%          3
c - Vampiric Draining     Necr           22%          1%          3
d - Animate Dead          Necr           22%          1%          4
e - Agony                 Necr           44%          1%          5
f - Magic Dart            Conj           92%          1%          1
g - Blink                 Tloc           N/A          2%          2
h - Mephitic Cloud        Conj/Pois/Air  20%          1%          3
i - Conjure Flame         Conj/Fire      18%          2%          3
j - Call Imp              Summ           12%          3%          2
k - Ignite Poison         Fire/Tmut/Pois 14%          4%          3
l - Lightning Bolt        Conj/Air       11%          12%         5
m - Dazzling Flash        Conj/Hex       34%          2%          3
n - Slow                  Hex            11%          3%          2

Your spell library contained the following spells:

 Spells                   Type           Power        Failure   Level
 Animate Skeleton         Necr           88%          0%          1
 Static Discharge         Conj/Air       22%          1%          3
 Sticky Flame             Conj/Fire      18%          7%          4
 Fireball                 Conj/Fire      9%           21%         5
 Yara's Violent Unravell  Hex/Tmut       5%           47%         5
 Starburst                Conj/Fire      9%           73%         6
 Hydra Form               Tmut           5%           96%         6
 Statue Form              Tmut/Erth      7%           96%         6
 Ignition                 Fire           7%           100%        8
 Shatter                  Erth           5%           100%        9
 Tornado                  Air            10%          100%        9


Dungeon Overview and Level Annotations

Branches:
Dungeon (11/15)            Temple (1/1) D:4            Lair (3/6) D:10
 Shoals (0/4) Lair:2          Orc (0/2) D:10        Ossuary (visited)
  Snake: Lair:2-4    Spider: Lair:2-4

Altars:
Ashenzari
Cheibriados
Dithmenos
Elyvilon
Fedhas
Gozag
Hepliaklqana
Kikubaaqudgha
Makhleb
Nemelex Xobeh
Okawaru
Qazlal
Ru
Sif Muna
Trog
Uskayaw
Vehumet
Wu Jian
Xom
Yredelemnul
Zin
The Shining One

Shops:
D:5 [   D:11 }

Annotations:
D:10 2 transporters, buriedalive's ghost, novice DEIE


Innate Abilities, Weirdness & Mutations

You have a pair of small horns on your head.
Your mind is acute. (Int +2)
You do not regenerate when monsters are visible.
You expend magic power (3 MP) to strengthen your wands.


Message History

The seven-headed hydra bites you. The seven-headed hydra bites you! x3
* * * LOW HITPOINT WARNING * * *
The seven-headed hydra bites you.
* * * LOW HITPOINT WARNING * * *
The seven-headed hydra bites you.
* * * LOW HITPOINT WARNING * * *
The seven-headed hydra closely misses you.
Casting: Vampiric Draining (safe; 1% risk of failure)
Confirm with . or Enter, or press ? or * to list all spells.
Aiming: Vampiric Draining (safe; 1% risk of failure)
Press: ? - help, Shift-Dir - straight line, f/p - seven-headed hydra
Aim: a seven-headed hydra (flame, moderately wounded)
You feel a numb sensation.
The seven-headed hydra is heavily wounded.
You feel life coursing into your body. The cane toad barely misses you.
The seven-headed hydra is engulfed in blazing flames.
The seven-headed hydra bites you but does no damage.
The seven-headed hydra barely misses you.
The seven-headed hydra bites you!
You die...

##.........### #..
####.>......## #...
........#########...#
#.......## ###....# #
.........###......#.##
...............P......
......#......##..####
.....P###....##.F#
....P.# ##.####.@#
....### ...# ##D#
..#P# #..# #..# #####
#... #..# # ##..# # #
#...# #$##..#
♣#.....######
.............


You could see a seven-headed hydra and a cane toad.

Vanquished Creatures
  A two-headed ogre (D:10)
  An ugly thing (D:8)
  2 black mambas
  A guardian serpent (D:11)
  Joseph (Lair:1)
  A gargoyle (D:10)
  6 cane toads
  A rime drake (Lair:2)
  3 komodo dragons
  A kobold demonologist (D:11)
  2 trolls (D:10)
  8 blink frogs (Lair:2)
  16 yaks
  A steam dragon (D:10)
  An acid dragon (D:11)
  6 water moccasins
  4 black bears
  6 orc warriors
  2 sky beasts
  An ice beast (D:5)
  An eye of draining (D:8)
  2 necrophages
  6 ogres
  2 phantoms
  16 wolves
  7 centaurs
  16 bullfrogs
  A wyvern skeleton (D:9)
  A water moccasin zombie (Ossuary)
  6 scorpions
  10 wights
  5 howler monkeys
  A bullfrog zombie (D:10)
  2 centaur zombies
  3 quasits
  3 jellies
  Crazy Yiuf (D:3)
  8 hounds
  9 orc priests
  10 orc wizards
  2 centaur skeletons
  Ijyb (D:3)
  Terence (D:3)
  7 iguanas
  10 worker ants
  2 big kobold zombies (Ossuary)
  A hound skeleton (D:6)
  3 mummies
  3 worker ant zombies
  Robin (D:2)
  4 gnolls
  3 adders
  2 shadow imps
  3 white imps
  An ufetubus (D:7)
  7 adder zombies (Ossuary)
  2 oozes
  3 adder skeletons
  3 dart slugs
  3 worms
  8 leopard geckos
  41 orcs
  3 ball pythons
  4 bats
  6 giant cockroaches
  5 gnoll zombies (Ossuary)
  21 goblins
  8 hobgoblins
  34 jackals
  2 kobolds
  12 quokkas
  7 frilled lizards
  6 hobgoblin zombies (Ossuary)
  A jackal skeleton (D:6)
  A jackal zombie (D:8)
  4 kobold zombies
  A leopard gecko skeleton (D:5)
  A leopard gecko zombie (D:6)
  6 orc zombies (Ossuary)
  2 quokka skeletons
  5 rats
415 creatures vanquished.

Vanquished Creatures (collateral kills)
  A gargoyle (D:10)
  2 phantoms
3 creatures vanquished.

Vanquished Creatures (others)
  69 fungi
  94 plants
163 creatures vanquished.

Grand Total: 581 creatures vanquished

Notes
Turn   | Place    | Note
-------+----------+-------------------------------------------
     0 | D:1      | bobarctor the Deep Elf Necromancer began the quest for the
                  | Orb.
     0 | D:1      | Reached XP level 1. HP: 10/10 MP: 6/6
    91 | D:1      | Reached skill level 5 in Necromancy
   202 | D:1      | Reached XP level 2. HP: 10/15 MP: 4/8
  1002 | D:1      | Reached XP level 3. HP: 17/19 MP: 7/10
  1036 | D:1      | Learned a level 1 spell: Animate Skeleton
  1040 | D:1      | Learned a level 3 spell: Vampiric Draining
  1278 | D:1      | Reached skill level 4 in Spellcasting
  1808 | D:2      | Reached XP level 4. HP: 19/24 MP: 6/12
  2285 | D:2      | Reached skill level 5 in Spellcasting
  2351 | D:2      | Noticed Robin
  2361 | D:2      | Killed Robin
  2907 | D:3      | Noticed a bullfrog
  2912 | D:3      | Killed a bullfrog
  2913 | D:3      | Reached skill level 6 in Spellcasting
  2913 | D:3      | Reached XP level 5. HP: 22/28 MP: 2/15
  2922 | D:2      | Learned a level 4 spell: Animate Dead
  2928 | D:2      | Learned a level 5 spell: Agony
  3202 | D:3      | Noticed Terence
  3229 | D:3      | Killed Terence
  3537 | D:3      | You fall into a shaft and drop 2 floors!
  3537 | D:5      | Entered Level 5 of the Dungeon
  3537 | D:5      | Noticed an ogre
  3544 | D:5      | Killed an ogre
  3545 | D:5      | Reached skill level 7 in Spellcasting
  3545 | D:5      | Reached XP level 6. HP: 30/32 MP: 9/18
  3687 | D:5      | Reached skill level 1 in Fighting
  4123 | D:3      | Noticed Ijyb
  4124 | D:3      | Reached skill level 8 in Spellcasting
  4128 | D:3      | Killed Ijyb
  4129 | D:3      | Reached skill level 1 in Maces & Flails
  4129 | D:3      | Reached XP level 7. HP: 38/38 MP: 8/20
  4312 | D:3      | Found a runed translucent door.
  4313 | D:3      | Noticed Crazy Yiuf
  4318 | D:3      | Killed Crazy Yiuf
  4435 | D:4      | Found a staircase to the Ecumenical Temple.
  4449 | Temple   | Entered the Ecumenical Temple
  4549 | Temple   | Became a worshipper of Sif Muna the Loreminder
  4785 | D:4      | Found an opulent altar of Gozag.
  5268 | D:4      | Reached skill level 9 in Spellcasting
  5457 | D:4      | Found a burning altar of Makhleb.
  5479 | D:4      | Found a shimmering altar of Xom.
  6131 | D:5      | Reached skill level 1 in Invocations
  6230 | D:5      | Got a masterwork trident
  6231 | D:5      | Identified the +5 trident of Temperance {speed, rF+ rC-
                  | Dex+3} (You found it on level 5 of the Dungeon)
  6238 | D:5      | Reached XP level 8. HP: 43/43 MP: 12/23
  6458 | D:5      | Reached skill level 10 in Spellcasting
  6613 | D:5      | Reached * piety under Sif Muna
  6810 | D:5      | Found an ancient bone altar of Kikubaaqudgha.
  6813 | D:5      | Found a sparkling altar of Nemelex Xobeh.
  6813 | D:5      | Found a stormy altar of Qazlal.
  7117 | D:5      | Reached skill level 11 in Spellcasting
  7221 | D:5      | Found a sacrificial altar of Ru.
  7718 | D:5      | Found Sikk's Antique Armour Boutique.
  7781 | D:5      | Bought a pair of runed gloves for 210 gold pieces
  8020 | D:6      | Reached XP level 9. HP: 44/47 MP: 2/26
  8151 | D:6      | Identified a scroll of acquirement
  8151 | D:6      | Acquired the amulet "Ytiazak" {Faith rF+ Str+2 Dex+4}
  8368 | D:6      | Reached skill level 12 in Spellcasting
  8443 | D:6      | You fall into a shaft and drop 3 floors!
  8445 | D:9      | Reached ** piety under Sif Muna
  8692 | D:8      | Found a sand-covered staircase.
  8799 | Ossuary  | Entered an ossuary
  9143 | Ossuary  | Reached *** piety under Sif Muna
  9751 | D:8      | Noticed a green ugly thing
  9769 | D:8      | Killed a green ugly thing
 10330 | D:6      | Reached **** piety under Sif Muna
 10501 | D:7      | Found a shadowy altar of Dithmenos.
 10886 | D:7      | Reached skill level 13 in Spellcasting
 10935 | D:7      | Reached XP level 10. HP: 53/53 MP: 11/29
 11191 | D:7      | Reached skill level 5 in Invocations
 11195 | D:7      | Learned a level 1 spell: Magic Dart
 11198 | D:7      | Learned a level 2 spell: Blink
 11202 | D:7      | Learned a level 3 spell: Mephitic Cloud
 11206 | D:7      | Learned a level 3 spell: Conjure Flame
 11209 | D:7      | Learned a level 2 spell: Call Imp
 11348 | D:8      | Reached skill level 10 in Necromancy
 11933 | D:8      | Found a glowing golden altar of the Shining One.
 12240 | D:8      | Found a shadowy altar of Dithmenos.
 12425 | D:8      | Reached skill level 1 in Conjurations
 12427 | D:8      | Reached ***** piety under Sif Muna
 12427 | D:8      | Identified Doduo's Reference Book on the Blaze (Sif Muna
                  | gifted it to you on level 8 of the Dungeon)
 12427 | D:8      | Received a gift from Sif Muna
 12436 | D:8      | Learned a level 3 spell: Ignite Poison
 13191 | D:9      | Acquired 619 gold pieces
 13667 | D:9      | Reached skill level 5 in Stealth
 14002 | D:10     | Entered Level 10 of the Dungeon
 14002 | D:10     | Found a staircase to the Orcish Mines.
 14342 | D:8      | Learned a level 3 spell: Inner Flame
 14525 | D:10     | Reached skill level 1 in Air Magic
 14679 | D:10     | Got a crystal quarterstaff
 14680 | D:10     | Identified the +5 quarterstaff of the Imperium {vorpal,
                  | rPois} (You found it on level 10 of the Dungeon)
 14724 | D:10     | Reached skill level 14 in Spellcasting
 14742 | D:10     | Noticed a gargoyle
 15057 | D:11     | Found Tuotor Vasch's Gadget Boutique.
 15596 | D:11     | Gained mutation: You have a pair of small horns on your
                  | head. [potion of mutation]
 15596 | D:11     | Gained mutation: You do not regenerate when monsters are
                  | visible. [potion of mutation]
 15596 | D:11     | Gained mutation: You expend magic power (3 MP) to
                  | strengthen your wands. [potion of mutation]
 15596 | D:11     | Gained mutation: Your mind is acute. (Int +2) [potion of
                  | mutation]
 15658 | D:11     | Noticed a gargoyle
 15703 | D:10     | Reached XP level 11. HP: 59/59 MP: 8/31
 16201 | D:11     | Reached skill level 1 in Bows
 17199 | D:10     | Found a transporter.
 17428 | D:10     | Found a staircase to the Lair.
 17448 | D:10     | Reached skill level 15 in Spellcasting
 17504 | D:10     | Noticed a two-headed ogre
 17529 | D:10     | Killed a two-headed ogre
 17530 | D:10     | Reached skill level 1 in Poison Magic
 17742 | D:10     | Noticed buriedalive's ghost (novice DEIE)
 17774 | D:10     | Found a transporter.
 17901 | Lair:1   | Entered Level 1 of the Lair of Beasts
 18285 | D:10     | Received a gift from Sif Muna
 18459 | D:10     | Learned a level 5 spell: Lightning Bolt
 18915 | Lair:1   | Identified Uway's Grimoire of Shape Shifting and
                  | Conjuration
 18921 | Lair:1   | Learned a level 3 spell: Dazzling Flash
 18924 | Lair:1   | Learned a level 2 spell: Slow
 19423 | Lair:1   | Noticed Joseph
 19445 | Lair:1   | Got a twisted robe
 19456 | Lair:1   | Identified the cursed +0 robe of Gasteg {rC+ Str+4} (You
                  | found it on level 1 of the Lair of Beasts)
 19502 | Lair:1   | Killed Joseph
 20246 | Lair:2   | Reached skill level 16 in Spellcasting
 20762 | Lair:2   | Reached XP level 12. HP: 64/64 MP: 21/34
 21428 | Lair:2   | Found a staircase to the Shoals.
 22179 | Lair:2   | Reached skill level 17 in Spellcasting
 22599 | Lair:3   | Reached skill level 5 in Bows
 22843 | Lair:3   | Noticed a seven-headed hydra
 22866 | Lair:3   | Slain by a seven-headed hydra

Illustrated notes

Levels and vault maps discovered:
D:1:      evilmike_arrival_crescent, layout_rooms,
          chequers_serial_rivers_micro_e, amethyst_killhole,
          minmay_misc_feat_more_columns, minmay_tripent
D:2:      layout_loops_cross, uniq_robin
D:3:      layout_rooms, uniq_ijyb, uniq_crazy_yiuf_cottage, uniq_terence
D:4:      layout_basic, grunt_temple_overflow_champion_of_chaos,
          lemuel_coloured_pillars_altar, minmay_temple_entry_sparse_star,
          kennysheep_generic_room_9
D:5:      layout_basic, grunt_temple_overflow_open,
          cheibrodos_sewer_entry_sluice, serial_shops, kennysheep_little_box,
          minmay_crossroads
D:6:      layout_rooms
D:7:      layout_gridville, enter_bailey_3, minmay_holes,
          grunt_dithmenos_shadows
D:8:      layout_gridville, lemuel_round_altar, tso_oasis_becter,
          nicolae_ossuary_entry_giza
D:9:      layout_long_grid, corexii_corridor_pit
D:10:     layout_rooms, due_lair_maze_entry_diamond, david_orc_3,
          gammafunk_ghost_berserking_beasts, minivault_11,
          minmay_alternating_orb
D:11:     nrook_guardian_serpent_snake_passage, layout_basic, serial_shops,
          nicolae_shop_temple_entry_statues_fountains
Temple:   cyrus_circular_temple
Lair:1:   layout_regular_city, beast_lair_carwin_9, lemuel_fruit_tree,
          grunt_megastairs_5, lemuel_fruit_fields, uniq_joseph
Lair:2:   layout_regular_city, elwin_shoals_entry_rocks
Lair:3:   nzn_winding_woodlands_large [nzn_winding_woodlands_5x5_three,
          nzn_winding_woodlands_5x15_parted,
          nzn_winding_woodlands_5x5_checkerboard,
          nzn_winding_woodlands_center_garden,
          nzn_winding_woodlands_15x15_eel_pit,
          nzn_winding_woodlands_center_diamonds,
          nzn_winding_woodlands_5x5_default, nzn_winding_woodlands_5x15_jagged,
          nzn_winding_woodlands_5x5_perimeter], layout_cave_pods,
          eino_house_with_fridge

Skill      XL: |  1  2  3  4  5  6  7  8  9 10 11 12 |
---------------+-------------------------------------+-----
Necromancy     | 5 6 7 8 9 10 11 | 11.7
Spellcasting   | 4 6 7 8 9 11 13 14 16 17 | 17.0
Fighting       | 1 2 3 |  3.0
Maces & Flails | 1 |  1.3
Stealth        | 3 4 5 |  5.6
Invocations    | 1 2 4 6 7 |  7.5
Dodging        | 3 4 |  4.8
Conjurations   | 1 2 4 |  4.0
Air Magic      | 1 2 3 |  3.3
Bows           | 4 5 |  5.1
Poison Magic   | 1 |  1.5
Throwing       | |  0.4
Translocations | |  0.4
Fire Magic     | |  0.8

Action                   |  1- 3 |  4- 6 |  7- 9 | 10-12 || total
-------------------------+-------+-------+-------+-------++-------
Melee: Spear             |     1 |       |       |       ||     1
       Whip              |    15 |     3 |       |       ||    18
       Mace              |       |    49 |    11 |       ||    60
       Trident           |       |       |   283 |   291 ||   574
       Quarterstaff      |       |       |       |    90 ||    90
       Headbutt          |       |       |       |    29 ||    29
Throw: Stone             |       |     5 |    24 |     2 ||    31
       Dart              |       |       |       |     2 ||     2
 Cast: Pain              |    51 |    81 |   155 |   147 ||   434
       Vampiric Draining |     3 |    19 |    81 |   125 ||   228
       Animate Dead      |       |       |     3 |     2 ||     5
       Agony             |       |       |     1 |     2 ||     3
       Magic Dart        |       |       |       |   109 ||   109
       Mephitic Cloud    |       |       |       |    79 ||    79
       Conjure Flame     |       |       |       |    24 ||    24
       Blink             |       |       |       |    12 ||    12
       Call Imp          |       |       |       |     6 ||     6
       Lightning Bolt    |       |       |       |     2 ||     2
       Slow              |       |       |       |     1 ||     1
  Use: Scroll            |     3 |     5 |     9 |    11 ||    28
       Potion            |       |       |     1 |     4 ||     5
 Stab: Sleeping          |       |       |     4 |     3 ||     7
       Distracted        |       |       |     1 |     1 ||     2
       Confused          |       |       |       |    30 ||    30
Armor: Robe              |     8 |    24 |    99 |    99 ||   230
Dodge: Dodged            |    17 |    55 |   218 |   359 ||   649
